 Dungeon Crawl Stone Soup version 0.19.0-22-gd96e5fe (webtiles) character file.

885 Monsterracer the Ruffian (level 7, -3/61 HPs)
             Began as a Troll Monk on Nov 18, 2016.
             Slain by zkyp's ghost (14 damage)
             ... on level 5 of the Dungeon.
             The game lasted 00:09:40 (3899 turns).

Monsterracer the Ruffian (Troll Monk)               Turns: 3899, Time: 00:09:41

Health: -3/61      AC:  5    Str: 22    XL:     7   Next: 76%
Magic:  0/9        EV: 16    Int:  4    God:
Gold:   342        SH:  0    Dex: 12    Spells: 0 memorised, 10 levels left

rFire  . . .     SeeInvis .       - Unarmed
rCold  . . .     Gourm    +     a - +0 robe
rNeg   . . .     Faith    .     (no shield)
rPois  .         Spirit   +     (helmet restricted)
rElec  .         Reflect  .     (no cloak)
rCorr  .         Harm     .     (gloves unavailable)
MR     .....     Rnd*Rage +     (boots unavailable)
Stlth  ++........ Rnd*Tele +    r - amulet of guardian spirit
                                t - +5 ring of evasion
                                e - ring of teleportation (curse)

@: no status effects
A: unfitting armour, claws 3, berserk 1, dopey 1, fast metabolism 3, frail 1,
gourmand, regeneration 1, shaggy fur 1, tough skin 2
a: no special abilities


You were on level 5 of the Dungeon.
You were very full.

You visited 1 branch of the dungeon, and saw 5 of its levels.

You collected 342 gold pieces.

Inventory:

Missiles
 c - 156 stones (quivered)
 o - 6 tomahawks
Armour
 a - a +0 robe (worn)
Jewellery
 e - a cursed ring of teleportation (left claw)
 i - an uncursed ring of protection from fire
 r - an amulet of guardian spirit (around neck)
 t - a +5 ring of evasion (right claw)
Wands
 h - a wand of confusion (30/48)
 l - a wand of slowing (19/48)
 s - a wand of paralysis (8/24)
Scrolls
 d - 2 scrolls of remove curse {unknown}
 f - a scroll of identify
 g - 5 scrolls of recharging {unknown}
 m - a scroll of immolation {unknown}
 q - 2 scrolls of fog {unknown}
 u - 2 scrolls of magic mapping {unknown}
 v - a scroll of blinking {unknown}
 y - a scroll of random uselessness {unknown}
Potions
 j - a potion of magic
 k - a potion of flight
 n - a potion of curing
Comestibles
 b - 5 bread rations
 p - 2 meat rations
 w - a slice of pizza
 x - 2 chunks of flesh


   Skills:
 + Level 3.9 Fighting
 + Level 2.9 Throwing
 + Level 3.5 Dodging
 - Level 1.7 Stealth
 * Level 5.5 Unarmed Combat
 - Level 2.0 Spellcasting


You had 10 spell levels left.
You didn't know any spells.

Dungeon Overview and Level Annotations

Branches:
Dungeon (5/15)             Temple (0/1) D:4

Altars:

Shops:
D:4 *

Annotations:
D:5 zkyp's ghost, novice DgWr


Innate Abilities, Weirdness & Mutations

You are too large for most types of armour.
You have claws for hands.
Your metabolism is lightning-fast.
You like to eat raw meat.
Your natural rate of healing is unusually fast.
You are covered in fur. (AC +1)
You have very tough skin. (AC +2)
You tend to lose your temper in combat.
You are dopey. (Int -2)
You are frail. (-10% HP)


Message History

You closely miss zkyp's ghost.
Zkyp's ghost is moderately damaged.
Zkyp's ghost hits you!
You claw zkyp's ghost!
Zkyp's ghost is moderately damaged.
Zkyp's ghost hits you!
You scratch zkyp's ghost.
Zkyp's ghost is heavily damaged.
Zkyp's ghost hits you!
* * * LOW HITPOINT WARNING * * *
You closely miss zkyp's ghost.
Zkyp's ghost is heavily damaged.
Zkyp's ghost closely misses you.
You feel better. Zkyp's ghost misses you.
You miss zkyp's ghost. Your claw misses zkyp's ghost.
Zkyp's ghost is heavily damaged.
Zkyp's ghost hits you!
* * * LOW HITPOINT WARNING * * *
You feel better. Zkyp's ghost hits you!
You die...

#......# #.)
#.###......#####+
#.#...#'##.......
#.#.#.#.#########
#.#.#.#......... #
#.#.#.#########.
###.####.#.#.# #.
.........#.#.### #.
#>..W@.......# #.
#.######.#.#.# #####.#
...... ....... ###.##. #..
#############.# .. ##.
###.............# #+# #.
.....)..<.......#
#.######'
.#.............###..#.....
#........................


You could see zkyp's ghost.

Vanquished Creatures
  Edmund (D:5)
  An ogre (D:5)
  2 centaurs
  2 howler monkeys
  2 orc priests
  A hound (D:4)
  An iguana (D:3)
  Ijyb (D:2)
  Terence (D:2)
  2 worker ants
  A hound skeleton (D:4)
  4 gnolls (D:4)
  10 adders
  A shadow imp (D:4)
  An adder skeleton (D:4)
  3 worms
  A dart slug (D:1)
  A leopard gecko (D:5)
  9 orcs
  4 giant cockroaches
  6 hobgoblins
  4 jackals
  9 kobolds
  3 quokkas
  5 bats
  4 frilled lizards
  4 goblins (D:1)
  A quokka zombie (D:5)
  7 rats
92 creatures vanquished.

Notes
Turn   | Place    | Note
-------+----------+-------------------------------------------
     0 | D:1      | Monsterracer the Troll Monk began the quest for the Orb.
     0 | D:1      | Reached XP level 1. HP: 22/22 MP: 0/0
   143 | D:1      | Reached XP level 2. HP: 29/29 MP: 1/1
   858 | D:2      | Noticed Ijyb
   867 | D:2      | Killed Ijyb
   867 | D:2      | Reached XP level 3. HP: 35/36 MP: 3/3
   868 | D:2      | Reached skill level 1 in Spellcasting
   905 | D:2      | Reached XP level 4. HP: 27/44 MP: 4/4
   938 | D:2      | You are sucked into a shaft for 2 floors!
   980 | D:4      | Reached skill level 1 in Throwing
   980 | D:4      | Reached XP level 5. HP: 20/52 MP: 4/6
  1327 | D:2      | Noticed Terence
  1339 | D:2      | Killed Terence
  1731 | D:3      | Reached skill level 4 in Unarmed Combat
  1731 | D:3      | Reached XP level 6. HP: 54/61 MP: 7/7
  2766 | D:4      | Gained mutation: You are frail. (-10% HP) [potion of mutation]
  2766 | D:4      | Gained mutation: You tend to lose your temper in combat. [potion of mutation]
  2766 | D:4      | Gained mutation: You are dopey. (Int -2) [potion of mutation]
  2817 | D:4      | Found Muott's Elemental Accessories.
  2892 | D:4      | Reached XP level 7. HP: 59/60 MP: 6/9
  3082 | D:4      | Found a staircase to the Ecumenical Temple.
  3516 | D:5      | Entered Level 5 of the Dungeon
  3567 | D:5      | Noticed Edmund
  3576 | D:5      | Killed Edmund
  3576 | D:5      | Reached skill level 5 in Unarmed Combat
  3883 | D:5      | Noticed zkyp's ghost (novice DgWr)
  3898 | D:5      | HP: 2/61 [zkyp's ghost (13)]
  3899 | D:5      | Slain by zkyp's ghost

Skill      XL: |  1  2  3  4  5  6  7 |
---------------+----------------------+-----
Spellcasting   | 1 2 |  2.0
Throwing       | 1 2 |  2.9
Fighting       | 3 |  3.9
Unarmed Combat | 4 5 |  5.5
Dodging        | 3 |  3.5
Stealth        | |  1.7

Action                   |  1- 3 |  4- 6 |  7- 9 || total
-------------------------+-------+-------+-------++-------
Melee: Unarmed           |    67 |   163 |    94 ||   324
       Punch             |       |     4 |     2 ||     6
Throw: Stone             |    10 |       |     1 ||    11
  Use: Potion            |     2 |     6 |     3 ||    11
       Scroll            |       |       |     2 ||     2
 Stab: Sleeping          |     1 |     5 |       ||     6
  Eat: Chunk             |    14 |     9 |    18 ||    41
Armor: Robe              |    17 |    58 |    19 ||    94
       Skin              |       |     2 |       ||     2
Dodge: Dodged            |    35 |   110 |    47 ||   192
